 Dungeon Crawl Stone Soup version 0.27-a0-1149-g4505690ab0 (webtiles) character file.

Game seed: 3256665955071127160

1100 Froggeryz the Basher (level 8, -2/62 HPs)
             Began as a Palentonga Berserker on May 13, 2021.
             Was an Elder of Trog.
             Splashed by a jelly's acid (4 damage)
             ... on level 5 of the Dungeon.
             The game lasted 00:05:38 (5843 turns).

Froggeryz the Basher (Palentonga Berserker)         Turns: 5843, Time: 00:05:39

Health: -2/62      AC: -5    Str: 23    XL:     8   Next: 10%
Magic:  8/8        EV:  9    Int:  8    God:    Trog [****..]
Gold:   101        SH:  0    Dex:  9    Spells: 7/7 levels left

rFire    + . .     SeeInvis +   c - +2 whip (flame)
rCold    . . .     Faith    .   (no shield)
rNeg     . . .     Spirit   .   b - +1 animal skin
rPois    .         Reflect  .   r - +0 helmet
rElec    .         Harm     .   (no cloak)
rCorr    .         Rampage  .   (no gloves)
Will     .....                  (no barding)
Stlth    +.........             f - amulet of the acrobat
HPRegen  0.20/turn              h - ring of protection from fire
MPRegen  0.11/turn              d - ring of flight

@: corroded, flying
A: large, rugged brown scales 3, see invisible, deformed body, roll 1, armoured
tail, reflexive curl
a: Rolling Charge, Renounce Religion, Berserk, Trog's Hand, Brothers in Arms


You were on level 5 of the Dungeon.
You worshipped Trog.
Trog was greatly pleased with you.
You visited 1 branch of the dungeon, and saw 5 of its levels.
You also visited: Sewer.

You collected 101 gold pieces.

Inventory:

Hand Weapons
 a - a +0 mace
 c - a +2 whip of flaming (weapon)
Missiles
 m - 6 atropa-tipped darts
Armour
 b - a +1 animal skin (worn)
 r - a +0 helmet (worn)
Jewellery
 d - a ring of flight (right hand)
 f - an amulet of the acrobat (around neck)
 h - a ring of protection from fire (left hand)
 j - a ring of ice
Wands
 n - a wand of digging (7)
 q - a wand of polymorph (2)
Scrolls
 l - 2 scrolls of enchant armour
 p - a scroll of teleportation {unknown}
 t - a scroll of fear
 u - a scroll of torment {unknown}
 w - a scroll of acquirement {unknown}
 x - a scroll of identify {unknown}
Potions
 e - 7 potions of curing
 g - 2 potions of degeneration {unknown}
 i - 2 potions of mutation {unknown}
 k - 4 potions of brilliance {unknown}
 o - a potion of flight {unknown}
 s - 3 potions of heal wounds {unknown}
 v - 3 potions of might {unknown}


   Skills:
 - Level 3.0 Fighting
 * Level 10.0 Maces & Flails
 - Level 1.5 Armour
 - Level 1.5 Dodging


You had 7 spell levels left.
You didn't know any spells.
Your spell library was empty.

Dungeon Overview and Level Annotations

Branches:
Dungeon (5/15)              Sewer (visited)
 Temple: D:4-7

Altars:
Sif Muna

Shops:
D:3 (


Innate Abilities, Weirdness & Mutations

You are completely covered in rugged brown scales. (AC +3, +7% HP)
You have supernaturally acute eyesight. (SInv)
Armour fits poorly on your strangely shaped body.
You can roll at nearby foes to attack.
You have a long armoured tail.
You curl defensively after being hit.


Message History

You are too injured to fight recklessly!
You are too injured to fight recklessly!
You hit the jelly but do no damage. The acid corrodes you!
Your hands burn!
The jelly is severely wounded.
The jelly closely misses you.
You hit the jelly but do no damage.
Your hands burn!
The jelly is severely wounded.
You hit the jelly but do no damage.
Your hands burn!
The jelly is severely wounded.
The jelly barely misses you.
You hit the jelly but do no damage. The acid corrodes you!
Your hands burn!
You tail-slap the jelly, but do no damage.
The jelly is severely wounded.
The jelly hits you.
You are splashed with acid!
* * * LOW HITPOINT WARNING * * *
You completely miss the jelly.
The jelly is severely wounded.
You hit the jelly but do no damage.
Your hands burn!
* * * LOW HITPOINT WARNING * * *
You tail-slap the jelly, but do no damage.
The jelly is severely wounded.
The jelly hits you.
* * * LOW HITPOINT WARNING * * *
You are splashed with acid.
* * * LOW HITPOINT WARNING * * *
You hit the jelly but do no damage.
Your hands burn!
* * * LOW HITPOINT WARNING * * *
The jelly is severely wounded.
You completely miss the jelly.
The jelly is severely wounded.
The jelly barely misses you.
You hit the jelly but do no damage.
Your hands burn!
* * * LOW HITPOINT WARNING * * *
The jelly is severely wounded.
The jelly barely misses you.
You hit the jelly but do no damage.
Your hands burn!
* * * LOW HITPOINT WARNING * * *
The jelly is severely wounded.
You hit the jelly but do no damage.
Your hands burn!
You die...

#.##...(...#
#.#....#.###
#.#..#.#.#########
#.#..#............
###.#..#.#.#########
#...######.# #.....
#..........####.####
#...#####.......#
#..@# #.#######
#..J# #.# #...# #.#
#...# #.# #...# #.#
#...# #.. #...# ###
#...# ### ..#


You could see a jelly.

Vanquished Creatures
  Sigmund (D:3)
  A water moccasin (D:5)
  An ogre (D:5)
  2 scorpions
  A vampire bat (D:4)
  2 jellies (D:5)
  An orc priest (D:4)
  A centaur skeleton (D:4)
  A hound (D:4)
  Jessica (D:3)
  Natasha (thrice) (D:3)
  An orc wizard (D:4)
  A hound skeleton (D:4)
  Robin (D:3)
  4 gnolls (D:5)
  7 adders
  9 river rats (Sewer)
  2 worms
  2 dart slugs
  2 orcs (D:4)
  9 ball pythons
  4 endoplasms
  2 giant cockroaches
  12 goblins
  10 hobgoblins
  2 quokkas
  12 bats
  2 frilled lizards
  2 goblin zombies (D:4)
  23 kobolds
  23 rats
145 creatures vanquished.

Notes
Turn   | Place    | Note
-------+----------+-------------------------------------------
     0 | D:1      | Froggeryz the Palentonga Berserker began the quest for the
                  | Orb.
     0 | D:1      | Reached XP level 1. HP: 19/19 MP: 1/1
    34 | D:1      | You fall into a shaft and drop 1 floor!
   376 | D:1      | Reached XP level 2. HP: 23/25 MP: 2/2
   708 | D:1      | Reached skill level 4 in Maces & Flails
  1273 | D:2      | Reached XP level 3. HP: 17/31 MP: 3/3
  1416 | D:2      | Reached ** piety under Trog
  1975 | D:3      | Noticed Sigmund
  1990 | D:3      | Killed Sigmund
  1991 | D:3      | Reached skill level 6 in Maces & Flails
  1991 | D:3      | Reached XP level 4. HP: 37/37 MP: 4/4
  1991 | D:3      | Reached XP level 5. HP: 43/43 MP: 5/5
  2046 | D:3      | Noticed Natasha
  2052 | D:3      | Killed Natasha
  2217 | D:3      | Noticed Robin
  2222 | D:3      | Noticed Jessica
  2224 | D:3      | Noticed Natasha
  2235 | D:3      | Killed Natasha
  2261 | D:3      | Killed Jessica
  2262 | D:3      | Reached XP level 6. HP: 10/50 MP: 6/6
  2264 | D:3      | Found a shimmering blue altar of Sif Muna.
  2719 | D:3      | Found Ryelaink's Antique Weapon Shop.
  2859 | D:3      | Noticed Natasha
  2864 | D:3      | Killed Natasha
  2923 | D:3      | Reached skill level 7 in Maces & Flails
  2927 | D:3      | Killed Robin
  3557 | D:4      | Reached skill level 8 in Maces & Flails
  3557 | D:4      | Gained mutation: You curl defensively after being hit.
                  | [Palentonga growth]
  3557 | D:4      | Reached XP level 7. HP: 35/55 MP: 7/7
  3558 | D:4      | Found a glowing drain.
  3569 | Sewer    | Entered a sewer
  3924 | Sewer    | Reached *** piety under Trog
  4496 | Sewer    | Reached **** piety under Trog
  5273 | D:5      | Entered Level 5 of the Dungeon
  5296 | D:5      | Reached skill level 9 in Maces & Flails
  5714 | D:5      | Reached XP level 8. HP: 62/62 MP: 8/8
  5827 | D:5      | Reached skill level 10 in Maces & Flails
  5841 | D:5      | HP: 3/62 [acid (3)]
  5843 | D:5      | Splashed by a jelly's acid

Illustrated notes

Levels and vault maps discovered:
D:1:      elethiomel_arrival_infinity_welcomes_careful_drivers, layout_basic,
          minmay_misc_feat_room
D:2:      layout_basic
D:3:      layout_basic, tgw_sif, serial_shops, shop, uniq_natasha, uniq_sigmund,
          uniq_robin
D:4:      layout_loops_ring, cheibrodos_sewer_entry_drain, enter_ossuary_4,
          roderic_batcave
D:5:      layout_basic, jmf_multi_god_temple2, uniq_edmund

Skill      XL: |  1  2  3  4  5  6  7  8 |
---------------+-------------------------+-----
Maces & Flails | 4 6 8 9 10 | 10.0
Fighting       | |  3.0
Armour         | |  1.5
Dodging        | |  1.5

Action                   |  1- 3 |  4- 6 |  7- 9 || total
-------------------------+-------+-------+-------++-------
Melee: Whip              |    63 |   137 |   197 ||   397
       Mace              |     3 |       |       ||     3
       Tailslap          |     4 |    17 |    20 ||    41
Invok: Berserk           |     2 |     1 |     2 ||     5
       Trog's Hand       |     1 |     2 |       ||     3
  Use: Scroll            |     3 |     3 |       ||     6
       Potion            |       |     1 |       ||     1
 Stab: Sleeping          |       |       |     1 ||     1
Armor: Animal skin       |     9 |    61 |    71 ||   141
Dodge: Dodged            |    44 |    94 |    95 ||   233

Table legend: (Time is in decaauts)
 A = Elapsed time spent in this place.
 B = Non-inter-level travel time spent in this place.
 C = Inter-level travel time spent in this place.
 D = Time resting spent in this place.
 E = Time spent auto-exploring this place.
 F = Levels seen in this place.
 G = Mean time per level.
                   A        B        C        D        E       F      G
               +--------+--------+--------+--------+--------+-----+--------+
         Total |   5787 |   5628 |    159 |    768 |   3967 |   6 |  964.5 |
       Dungeon |   4580 |   4421 |    159 |    600 |   3112 |   5 |  916.0 |
         Sewer |   1206 |   1206 |      0 |    168 |    855 |   1 | 1206.0 |
               +--------+--------+--------+--------+--------+-----+--------+

Top non-repeatable levels by time:
     D:3: 1239 daAuts
   Sewer: 1206 daAuts
     D:4: 1078 daAuts
     D:1: 1023 daAuts
     D:2: 887 daAuts
     D:5: 351 daAuts
